Map: Korhal Carnage Knockout LE

Players

NyanFox - Winner!

  • Race: Terran Terran
  • League: Silver
  • Spawn Location: 6:00

Fropez

  • Race: Protoss Protoss
  • League: Silver
  • Spawn Location: 12:00

VOD

Have the link to the VOD?

Description

Time

  • Played on: April 5, 2016, 12:08 p.m.
  • Length: 14:49
Show
View Real Time Build Order
Export as new Build Order

NyanFox Terran - Winner!

Build Orders: MMM Bio 

Get SALT Encoding   

  12  0:01  SCV  
  13  0:14  SCV  
  13  0:20  Supply Depot  
  14  0:26  SCV  
  15  0:42  SCV  
  16  0:43  Barracks  
  16  0:48  Refinery  
  16  0:54  SCV  
  17  1:06  SCV  
  18  1:18  SCV  
  19  1:23  Barracks  
  19  1:28  Barracks  
  19  1:30  SCV  
  20  1:41  Barracks Reactor  
  20  1:46  Supply Depot  
  20  1:49  SCV  
  21  1:57  Supply Depot  
  21  1:59  Refinery  
  21  2:02  SCV  
  22  2:14  SCV  
  23  2:18  Barracks  
  23  2:21  Barracks Reactor  
  23  2:22  Barracks Reactor  
  23  2:25  Reaper  
  24  2:37  SCV, Engineering Bay  
  25  2:50  Marine  
  26  3:08  Barracks Tech Lab  
  26  3:13  Reaper x2  
  26  3:14  Reaper x2  
  26  3:19  Marine, Reaper  
  32  3:44  Terran Infantry Weapons Level 1, Command Center  
  32  3:49  Reaper  
  34  3:55  Reaper  
  34  4:06  Reaper  
  34  4:08  Marine x3  
  38  4:14  Orbital Command, Supply Depot  
  38  4:16  Supply Depot  
  38  4:25  Reaper  
  39  4:35  Marine, Reaper  
  41  4:39  Reaper  
  41  4:43  Reaper  
  43  4:53  Missile Turret  
  43  4:58  Missile Turret  
  43  5:01  Missile Turret  
  43  5:09  Missile Turret  
  43  5:27  Orbital Command  
  43  5:28  Reaper  
  43  5:29  Marine x3, Missile Turret  
  43  5:30  Marine  
  48  5:39  Marine x2  
  48  5:42  Terran Infantry Armor Level 1  
  38  6:43  Stimpack  
  37  6:53  Marine x5, Orbital Command  
  37  6:54  Marine x2  
  44  7:03  SCV  
  45  7:10  Marine  
  45  7:11  Marine  
  45  7:12  Factory  
  45  7:14  Marine x5  
  45  7:15  SCV  
  53  7:16  Barracks  
  53  7:24  Refinery  
  53  7:28  Marine x2, Refinery  
  55  7:37  Marine x3  
  58  7:49  SCV  
  59  7:54  Missile Turret  
  59  8:02  SCV  
  60  8:06  Armory  
  60  8:10  Starport  
  60  8:11  Factory Reactor  
  60  8:20  SCV  
  60  8:23  Marine x2  
  60  8:24  Marine x3  
  66  8:27  Supply Depot  
  66  8:32  SCV, Supply Depot  
  67  8:36  Supply Depot  
  67  8:43  Combat Shields  
  67  8:56  Terran Infantry Weapons Level 2  
  67  8:59  Factory Tech Lab  
  67  9:02  Marine x3  
  68  9:03  Marine  
  71  9:14  Marine x4  
  75  9:20  Marine x4  
  75  9:21  Medivac  
  75  9:22  Medivac  
  83  9:32  Marine x2  
  83  9:33  Marine x2  
  83  9:37  Supply Depot  
  83  9:38  Marine  
  88  9:42  Supply Depot  
  88  9:50  Marine x3  
  88  9:52  Marine  
  92  10:05  Marine  
  92  10:06  Marine x3  
  96  10:21  Marine x4  
  97  10:23  Marine  
  101  11:12  Terran Infantry Armor Level 2  
  81  11:34  Marine  
  81  11:35  Marine x7  
  73  11:52  Marine x2  
  73  11:53  Marine x3  
  72  11:59  Marine x2  
  72  12:00  Marine  
  63  12:10  Marine x4  
  63  12:11  Marine  
  68  12:17  Marine  
  68  12:20  Medivac x2  
  68  12:21  Marine x2  
  73  12:28  Marine x3  
  76  12:33  Command Center  
  76  12:34  Marine x2  
  78  12:49  Supply Depot, Medivac  
  78  12:50  Medivac  
  82  13:10  Marine x6  
  88  13:17  Marine  
  88  13:18  Marine  
Show
View Real Time Build Order
Export as new Build Order

Fropez Protoss 

Build Orders: Blink Stalkers 

Get SALT Encoding   

  12  0:01  Probe (Chrono Boost)  
  13  0:24  Pylon  
  13  0:25  Probe (Chrono Boost)  
  14  0:36  Assimilator  
  14  0:42  Gateway  
  14  0:54  Pylon  
  14  0:56  Probe (Chrono Boost)  
  15  1:03  Pylon  
  15  1:07  Probe (Chrono Boost)  
  16  1:17  Probe (Chrono Boost)  
  17  1:30  Cybernetics Core  
  17  1:31  Probe (Chrono Boost)  
  18  1:34  Assimilator  
  18  1:41  Zealot  
  18  1:45  Probe (Chrono Boost)  
  21  1:56  Probe (Chrono Boost)  
  22  2:07  Mothership Core (Chrono Boost)  
  24  2:19  Pylon, Warp Gate  
  24  2:23  Stalker  
  24  2:25  Probe (Chrono Boost)  
  27  2:36  Probe (Chrono Boost)  
  28  2:41  Gateway  
  28  2:46  Probe (Chrono Boost)  
  29  2:57  Probe (Chrono Boost)  
  30  2:59  Stalker  
  32  3:07  Probe (Chrono Boost)  
  33  3:13  Twilight Council  
  33  3:18  Probe (Chrono Boost)  
  34  3:28  Probe (Chrono Boost)  
  35  3:39  Probe (Chrono Boost)  
  36  3:46  Stalker  
  38  3:49  Probe (Chrono Boost)  
  38  3:50  Blink (Chrono Boost)  
  38  3:55  Stalker  
  41  4:01  Probe  
  42  4:13  Probe  
  43  4:25  Probe  
  44  4:37  Probe  
  45  4:45  Stalker  
  47  5:06  Nexus  
  47  5:08  Pylon  
  47  5:11  Pylon  
  47  5:20  Pylon  
  47  5:26  Probe  
  48  5:35  Gateway  
  48  5:37  Gateway  
  48  5:39  Probe  
  48  5:40  Gateway  
  49  5:42  Gateway  
  49  5:44  Pylon, Stalker  
  49  5:48  Assimilator, Stalker  
  53  5:51  Probe  
  53  5:53  Assimilator  
  54  6:03  Probe  
  48  6:15  Probe  
  49  6:29  Stalker x2  
  44  6:45  Probe  
  44  6:46  Probe  
  46  6:56  Probe  
  46  6:57  Pylon  
  47  7:09  Stalker  
  47  7:10  Sentry x2  
  53  7:19  Stalker  
  53  7:20  Probe x2  
  57  7:31  Probe  
  57  7:32  Probe  
  59  7:47  Stalker x2  
  59  7:48  Stalker  
  65  7:55  Probe x2  
  65  7:56  Phoenix  
  65  7:57  Phoenix  
  67  8:06  Forge  
  67  8:10  Forge, Probe (Chrono Boost)  
  67  8:12  Probe (Chrono Boost)  
  69  8:21  Probe (Chrono Boost)  
  69  8:23  Probe (Chrono Boost)  
  71  8:38  Probe x2 (Chrono Boost)  
  73  8:48  Probe (Chrono Boost)  
  73  8:49  Probe (Chrono Boost)  
  73  8:50  Protoss Ground Weapons Level 1 (Chrono Boost), Protoss Ground Armor Level 1 (Chrono Boost)  
  75  9:06  Probe x2  
  77  9:17  Pylon  
  77  9:39  Probe  
  77  9:40  Probe  
  77  9:42  Nexus  
  77  9:45  Assimilator  
  79  9:49  Assimilator  
  79  9:50  Charge  
  79  9:51  Pylon  
  79  9:55  Pylon, Stalker x3  
  79  9:56  Stalker  
  79  9:57  Pylon  
  79  9:59  Sentry  
  89  10:01  Sentry  
  89  10:03  Pylon  
  91  10:21  Stalker x4  
  93  10:24  Stalker  
  101  10:31  Probe  
  102  10:38  Probe  
  102  10:39  Protoss Ground Armor Level 2 (Chrono Boost)  
  103  10:43  Probe  
  103  10:46  Protoss Ground Weapons Level 2 (Chrono Boost)  
  104  10:51  Probe  
  104  10:54  Zealot  
  105  11:11  Zealot x5  
  81  11:39  Stalker x5  
  52  12:09  Stalker x3  
  52  12:10  Stalker  
  52  12:11  Stalker  
  62  12:33  Probe  
  62  12:34  Probe  
  62  12:35  Nexus  
  62  12:36  Pylon  
  64  12:39  Assimilator  
  64  12:43  Assimilator  
  64  12:44  Probe  
  64  12:46  Probe  
  66  13:01  Probe x2  
  68  13:23  Stalker x4  
  68  13:24  Stalker  
  40  14:28  Zealot x2  
  40  14:29  Zealot x2  
Tags
 
Add a new tag
Caveats
  • Supply blocks, unpowered buildings, or Contaminate may cause inaccurate times.
  • Supply counts are checked every 10 seconds.